 Dungeon Crawl Stone Soup version 0.23.2-40-g277498a001 (webtiles) character file.

Game seed: 2985014313856461122

336 Martska the Ducker (level 6, 0/70 HPs)
             Began as a Merfolk Ice Elementalist on Oct 1, 2019.
             Slain by an ice beast (5 damage)
             ... on level 5 of the Dungeon.
             The game lasted 00:23:37 (6996 turns).

Martska the Ducker (Merfolk Ice Elementalist)       Turns: 6996, Time: 00:23:37

Health: 0/70       AC:  3    Str: 13    XL:     6   Next: 54%
Magic:  10/10      EV: 15    Int: 15    God:
Gold:   202        SH:  0    Dex: 19    Spells: 4/10 levels left

rFire    . . .     SeeInvis .   h - +0 spear
rCold    . . .     Gourm    .   (no shield)
rNeg     . . .     Faith    .   k - +0 leather armour
rPois    .         Spirit   .   (no helmet)
rElec    .         Reflect  .   (no cloak)
rCorr    .         Harm     .   (no gloves)
MR       .....                  (no boots)
Stlth    ..........             (no amulet)
HPRegen  0.21/turn              p - +3 ring of dexterity
MPRegen  0.12/turn              (no ring)

@: berserking, very quick
A: change form in water, swift swim, stealthy swim
a: no special abilities


You were on level 5 of the Dungeon.
You were not hungry.

You visited 1 branch of the dungeon, and saw 5 of its levels.

You collected 202 gold pieces.

Inventory:

Hand Weapons
 d - a +0 dagger
 h - a +0 spear (weapon)
Armour
 a - a +0 robe
 k - a +0 leather armour (worn)
Magical Staves
 x - an uncursed staff of air {unknown}
Jewellery
 p - a +3 ring of dexterity (left hand)
 s - a +3 ring of evasion {unknown}
Wands
 l - a wand of disintegration (16)
 y - a wand of iceblast (9)
Scrolls
 b - a scroll of magic mapping {unknown}
 f - 7 scrolls of identify {unknown}
 j - 2 scrolls of remove curse {unknown}
 m - a scroll of fog {unknown}
 n - a scroll of teleportation {unknown}
 q - a scroll of immolation {unknown}
 r - a scroll of enchant weapon {unknown}
 v - a scroll of enchant armour {unknown}
Potions
 e - a potion of resistance {unknown}
 g - 2 potions of curing {unknown}
 i - a potion of might {unknown}
 t - a potion of lignification {unknown}
 u - a potion of flight {unknown}
Comestibles
 c - 4 rations


   Skills:
 * Level 3.1 Fighting
 + Level 2.8 Polearms
 * Level 4.7 Dodging
 + Level 3.2 Stealth
 + Level 2.7 Spellcasting
 - Level 0.7 Conjurations
 + Level 1.7 Charms
 + Level 4.0 Ice Magic


You had 4 spell levels left.
You knew the following spells:

 Your Spells              Type           Power        Failure   Level  Hunger
a - Freeze                Ice            ##..         4%          1    #......
b - Throw Frost           Conj/Ice       #.....       16%         2    ##.....
c - Ozocubu's Armour      Chrm/Ice       ##......     24%         3    ###....

Your spell library contained the following spells:

 Spells                   Type           Power        Failure   Level  Hunger
 Throw Icicle             Conj/Ice       #.......     69%         4    #####..
 Summon Ice Beast         Ice/Summ       #.......     75%         4    #####..


Dungeon Overview and Level Annotations

Branches:
Dungeon (5/15)
 Temple: D:4-7

Altars:
Hepliaklqana
Sif Muna

Annotations:
D:5 Edmund


Message History

Level annotation: Edmund
There is a stone staircase leading up here.
You open the door. The phantom closely misses you.
There is an open door here.
There is an open door here.
The phantom blinks!
The ice beast hits you. The ice beast freezes you!
* * * LOW HITPOINT WARNING * * *
You hit the phantom but do no damage. The ice beast closely misses you.
The phantom hits you.
* * * LOW HITPOINT WARNING * * *
The phantom blinks!
It was a potion of magic.
Magic courses through your body. The ice beast closely misses you.
It was a potion of berserk rage.
A red film seems to cover your vision as you go berserk!
You feel yourself moving faster!
You feel mighty! The ice beast hits you.
* * * LOW HITPOINT WARNING * * *
The ice beast freezes you.
You die...

### ######### #..
........# #.#
#######.# #.# .#
#######.#######
####.#####.#
..............##
#........#.#
.##.###..####..##
#.##.###.#.# . #.#
#..# ##...## #.##.#
#.#.# .##.###..#
#...W@###.##.###.#.#
..†......#
##...Y§...##.......#
.###.###.#
##.##########..<.##
. #.# #.# #.# #.#..#
@ ... ..# #Y# #.#..#
# ##.##### ##'##
#.#..# #.# ##)..##
#.##.# #.# ##.....##
##.##.# #.#
#.......## ##.....#


You could see a phantom and an ice beast.

Vanquished Creatures
  2 bullfrog skeletons
  2 iguanas (D:4)
  Ijyb (D:4)
  3 worker ants
  4 adders
  An adder skeleton (D:4)
  3 worms
  2 dart slugs (D:2)
  6 leopard geckos
  4 orcs
  7 bats
  4 giant cockroaches
  9 goblins
  5 hobgoblins
  5 jackals
  A quokka (D:3)
  2 ball pythons
  5 frilled lizards
  5 kobolds
  9 rats
80 creatures vanquished.

Notes
Turn   | Place    | Note
-------+----------+-------------------------------------------
     0 | D:1      | Martska the Merfolk Ice Elementalist began the quest for
                  | the Orb.
     0 | D:1      | Reached XP level 1. HP: 13/13 MP: 3/3
  1014 | D:1      | Reached XP level 2. HP: 20/20 MP: 5/5
  1407 | D:1      | Reached skill level 1 in Fighting
  1690 | D:1      | Learned a level 2 spell: Throw Frost
  1972 | D:2      | Reached XP level 3. HP: 25/26 MP: 6/6
  2023 | D:2      | Learned a level 3 spell: Ozocubu's Armour
  2115 | D:2      | Reached skill level 1 in Polearms
  2823 | D:2      | Found a hazy altar of Hepliaklqana.
  2967 | D:2      | Reached XP level 4. HP: 33/33 MP: 4/7
  4888 | D:3      | Found a deep blue altar of Sif Muna.
  5076 | D:3      | Reached skill level 1 in Charms
  5076 | D:3      | Reached XP level 5. HP: 15/39 MP: 0/8
  5762 | D:4      | Noticed Ijyb
  5770 | D:4      | Paralysed by Ijyb for 5 turns
  5777 | D:4      | Killed Ijyb
  5777 | D:4      | Reached XP level 6. HP: 46/46 MP: 3/9
  6331 | D:4      | Noticed a phantom
  6368 | D:5      | Entered Level 5 of the Dungeon
  6688 | D:5      | Noticed Edmund
  6930 | D:5      | Noticed an ice beast
  6996 | D:5      | Slain by an ice beast

Skill      XL: |  1  2  3  4  5  6 |
---------------+-------------------+-----
Dodging        | 3 4 |  4.7
Fighting       | 1 2 3 |  3.1
Polearms       | 1 2 |  2.8
Charms         | 1 |  1.7
Stealth        | 3 |  3.2
Ice Magic      | 4 |  4.0
Spellcasting   | |  2.7
Conjurations   | |  0.7

Action                   |  1- 3 |  4- 6 || total
-------------------------+-------+-------++-------
Melee: Dagger            |    17 |       ||    17
       Spear             |    85 |   148 ||   233
       Tailslap          |     1 |       ||     1
 Cast: Freeze            |    24 |    53 ||    77
       Throw Frost       |    10 |    31 ||    41
       Ozocubu's Armour  |       |     1 ||     1
  Use: Potion            |       |     2 ||     2
 Stab: Sleeping          |     1 |     2 ||     3
  Eat: Ration            |     3 |     4 ||     7
Armor: Robe              |     9 |       ||     9
       Leather armour    |    20 |    31 ||    51
Dodge: Dodged            |    75 |   145 ||   220
